TOP OF THE 1ST |
Yellowknife Dragonblood batting - Pitching for Phoenix Hotspur U-21 : RHP Masahiro Sakei
|
Pitching: RHP Masahiro Sakei
|
|
Batting: RHB Mareka Naidoo
|
0-0: Called Strike 0-1: Ball 1-1: Foul Ball, location: 2F 1-2: Foul Ball, location: 2F 1-2: Ball 2-2: Foul Ball, location: 2F 2-2: Foul Ball, location: 2F 2-2: Fly out, F8 (Flyball, 8RM)
|
Batting: SHB Miklos Elias
|
0-0: Swinging Strike 0-1: Swinging Strike 0-2: Ball 1-2: Foul Ball, location: 2F 1-2: Ball 2-2: Ground out 4-3 (Groundball, 34)
|
Batting: LHB Juan Macíel
|
0-0: Called Strike 0-1: Ground out 1-3 (Groundball, 15S)
|
Top of the 1st over - 0 run(s), 0 hit(s), 0 error(s), 0 left on base; Yellowknife 0 - Phoenix 0 |
BOTTOM OF THE 1ST |
Phoenix Hotspur U-21 batting - Pitching for Yellowknife Dragonblood : LHP Earl Farley
|
Pitching: LHP Earl Farley
|
|
Batting: RHB Solomon Norment
|
0-0: Ball 1-0: Called Strike 1-1: Swinging Strike 1-2: Fly out, F4 (Line Drive, 4)
|
Batting: LHB Tyler Kinjeketile
|
0-0: Swinging Strike 0-1: Ball 1-1: Foul Ball, location: 2F 1-2: Strikes out looking
|
Batting: LHB Wagaw Lukongolo
|
0-0: SINGLE (Groundball, 6S) (infield hit)
|
Batting: RHB Greg Billingsley
|
0-0: Called Strike Wagaw Lukongolo steals 2nd base 0-1: Called Strike 0-2: Ball 1-2: Ball 2-2: Ground out 5-3 (Groundball, 5)
|
Bottom of the 1st over - 0 run(s), 1 hit(s), 0 error(s), 1 left on base; Yellowknife 0 - Phoenix 0 |
TOP OF THE 2ND |
Yellowknife Dragonblood batting - Pitching for Phoenix Hotspur U-21 : RHP Masahiro Sakei
|
Batting: LHB Jayden Laming
|
0-0: Ball 1-0: Ground out 6-3 (Groundball, 6MD)
|
Batting: SHB Barney Heise
|
0-0: Ball 1-0: Ball 2-0: Foul Ball, location: 2F 2-1: Foul Ball, location: 2F 2-2: Ground out 3-1 (Groundball, 34)
|
Batting: RHB Orlando Moruga
|
0-0: Called Strike 0-1: Foul Ball, location: 2F 0-2: Foul Ball, location: 2F 0-2: Strikes out looking
|
Top of the 2nd over - 0 run(s), 0 hit(s), 0 error(s), 0 left on base; Yellowknife 0 - Phoenix 0 |
BOTTOM OF THE 2ND |
Phoenix Hotspur U-21 batting - Pitching for Yellowknife Dragonblood : LHP Earl Farley
|
Batting: LHB Jason DeGeorge
|
0-0: Foul Ball, location: 2F 0-1: Ball 1-1: Ball 2-1: SINGLE (Line Drive, 6D)
|
Batting: RHB Bill Erickson
|
0-0: Called Strike Jason DeGeorge is caught stealing 2nd base 0-1: Ball 1-1: Swinging Strike 1-2: Ball 2-2: Ball 3-2: Base on Balls
|
Batting: RHB Braylen Sampson
|
0-0: Foul Ball, location: 2F 0-1: Ball 1-1: Ball 2-1: Foul Ball, location: 2F 2-2: Ball Bill Erickson steals 2nd base 3-2: Strikes out looking
|
Batting: RHB Jim Justice
|
0-0: Ball 1-0: Swinging Strike 1-1: Foul Ball, location: 2F 1-2: Ball 2-2: Ball 3-2: Ground out 5-3 (Groundball, 5L)
|
Bottom of the 2nd over - 0 run(s), 1 hit(s), 0 error(s), 1 left on base; Yellowknife 0 - Phoenix 0 |
TOP OF THE 3RD |
Yellowknife Dragonblood batting - Pitching for Phoenix Hotspur U-21 : RHP Masahiro Sakei
|
Batting: SHB Sean Scheetz
|
0-0: Ball 1-0: Called Strike 1-1: Swinging Strike 1-2: Fly out, F7 (Flyball, 78S)
|
Batting: RHB Manuel Ramos
|
0-0: Called Strike 0-1: Foul Ball, location: 2F 0-2: Foul Ball, location: 2F 0-2: Ball 1-2: Strikes out swinging
|
Batting: LHB Santiago Miranda
|
0-0: Called Strike 0-1: Ball 1-1: Ball 2-1: SINGLE (Flyball, 9LM)
|
Batting: RHB Mareka Naidoo
|
0-0: Foul Ball, location: 2F 0-1: Fielders Choice at 2nd, U6 (Groundball, 6M)
|
Top of the 3rd over - 0 run(s), 1 hit(s), 0 error(s), 1 left on base; Yellowknife 0 - Phoenix 0 |
BOTTOM OF THE 3RD |
Phoenix Hotspur U-21 batting - Pitching for Yellowknife Dragonblood : LHP Earl Farley
|
Batting: RHB Bill Poole
|
0-0: Ground out 5-3 (Groundball, 56)
|
Batting: RHB Solomon Norment
|
0-0: Ball 1-0: Ball 2-0: Ball 3-0: Called Strike 3-1: Called Strike 3-2: Fly out, F9 (Flyball, 9LS)
|
Batting: LHB Tyler Kinjeketile
|
0-0: Ball 1-0: Called Strike 1-1: Swinging Strike 1-2: Strikes out swinging
|
Bottom of the 3rd over - 0 run(s), 0 hit(s), 0 error(s), 0 left on base; Yellowknife 0 - Phoenix 0 |
TOP OF THE 4TH |
Yellowknife Dragonblood batting - Pitching for Phoenix Hotspur U-21 : RHP Masahiro Sakei
|
Batting: SHB Miklos Elias
|
0-0: Ball 1-0: Foul Ball, location: 2F 1-1: Ball 2-1: Swinging Strike 2-2: Foul Ball, location: 2F 2-2: Strikes out swinging
|
Batting: LHB Juan Macíel
|
0-0: Ball 1-0: Foul Ball, location: 2F 1-1: Called Strike 1-2: Strikes out swinging
|
Batting: LHB Jayden Laming
|
0-0: Swinging Strike 0-1: SINGLE (Flyball, 89S)
|
Batting: SHB Barney Heise
|
0-0: Ball Jayden Laming is caught stealing 2nd base
|
Top of the 4th over - 0 run(s), 1 hit(s), 0 error(s), 0 left on base; Yellowknife 0 - Phoenix 0 |
BOTTOM OF THE 4TH |
Phoenix Hotspur U-21 batting - Pitching for Yellowknife Dragonblood : LHP Earl Farley
|
Batting: LHB Wagaw Lukongolo
|
0-0: Called Strike 0-1: Ball 1-1: Swinging Strike 1-2: SOLO HOME RUN (Flyball, 8LXD), Distance : 448 ft
|
Batting: RHB Greg Billingsley
|
0-0: Called Strike 0-1: Swinging Strike 0-2: Foul Ball, location: 2F 0-2: Fly out, F8 (Flyball, 8RS)
|
Batting: LHB Jason DeGeorge
|
0-0: Swinging Strike 0-1: Ball 1-1: Ball 2-1: Swinging Strike 2-2: Strikes out swinging
|
Batting: RHB Bill Erickson
|
0-0: Ball 1-0: Ball 2-0: Swinging Strike 2-1: Foul Ball, location: 2F 2-2: Ball 3-2: Base on Balls
|
Batting: RHB Braylen Sampson
|
0-0: SINGLE (Line Drive, 7LS) Bill Erickson to second Runner from 2nd tries for 3rd, SAFE, no throw
|
Batting: RHB Jim Justice
|
0-0: Ball 1-0: DOUBLE (Line Drive, 9LS) Bill Erickson scores Braylen Sampson to third Runner from 3rd tries for Home, SAFE, no throw
|
Batting: RHB Bill Poole
|
0-0: Swinging Strike 0-1: Foul Ball, location: 2F 0-2: Ball 1-2: Foul Ball, location: 2F 1-2: Strikes out swinging
|
Bottom of the 4th over - 3 run(s), 3 hit(s), 0 error(s), 1 left on base; Yellowknife 0 - Phoenix 3 |
TOP OF THE 5TH |
Yellowknife Dragonblood batting - Pitching for Phoenix Hotspur U-21 : RHP Masahiro Sakei
|
Batting: SHB Barney Heise
|
0-0: Foul Ball, location: 2F 0-1: Ball 1-1: Foul Ball, location: 2F 1-2: Foul Ball, location: 2F 1-2: SINGLE (Flyball, 89S)
|
Batting: RHB Orlando Moruga
|
0-0: Swinging Strike 0-1: Ball 1-1: Fly out, F9 (Flyball, 9LS)
|
Batting: SHB Sean Scheetz
|
0-0: Ball 1-0: Ball 2-0: Ball 3-0: Called Strike 3-1: Base on Balls Barney Heise to second
|
Batting: RHB Manuel Ramos
|
0-0: Swinging Strike 0-1: Ball 1-1: Ball 2-1: Ball 3-1: DOUBLE (Line Drive, 9LM) Barney Heise scores Sean Scheetz to third
|
Batting: LHB Santiago Miranda
|
0-0: Reached on error, E3 (Groundball, 34S) Sean Scheetz scores Manuel Ramos to third
|
Batting: RHB Mareka Naidoo
|
0-0: Foul Ball, location: 2F 0-1: Fly out, F7 (Flyball, 7) Runner from 3rd tags up, SCORES, no throw
|
Batting: SHB Miklos Elias
|
0-0: Swinging Strike 0-1: Ball 1-1: Fly out, F7 (Flyball, 7)
|
Top of the 5th over - 3 run(s), 2 hit(s), 1 error(s), 1 left on base; Yellowknife 3 - Phoenix 3 |
BOTTOM OF THE 5TH |
Phoenix Hotspur U-21 batting - Pitching for Yellowknife Dragonblood : LHP Earl Farley
|
Batting: RHB Solomon Norment
|
0-0: Called Strike 0-1: Fly out, F2 (Popup, 34S)
|
Batting: LHB Tyler Kinjeketile
|
0-0: Called Strike 0-1: Swinging Strike 0-2: Foul Ball, location: 2F 0-2: Ball 1-2: Foul Ball, location: 2F 1-2: SINGLE (Groundball, 34D)
|
Batting: LHB Wagaw Lukongolo
|
0-0: Ball 1-0: Foul Ball, location: 2F 1-1: Called Strike 1-2: Strikes out swinging
|
Batting: RHB Greg Billingsley
|
0-0: Called Strike 0-1: Swinging Strike 0-2: Strikes out swinging
|
Bottom of the 5th over - 0 run(s), 1 hit(s), 0 error(s), 1 left on base; Yellowknife 3 - Phoenix 3 |
TOP OF THE 6TH |
Yellowknife Dragonblood batting - Pitching for Phoenix Hotspur U-21 : RHP Masahiro Sakei
|
Batting: LHB Juan Macíel
|
0-0: Ball 1-0: Ball 2-0: Called Strike 2-1: Fly out, F3 (Line Drive, 3S)
|
Batting: LHB Jayden Laming
|
0-0: Called Strike 0-1: Ball 1-1: Called Strike 1-2: Strikes out swinging
|
Batting: SHB Barney Heise
|
0-0: Ball 1-0: Ball 2-0: Called Strike 2-1: Foul Ball, location: 2F 2-2: Foul Ball, location: 2F 2-2: Foul Ball, location: 2F 2-2: Strikes out looking
|
Top of the 6th over - 0 run(s), 0 hit(s), 0 error(s), 0 left on base; Yellowknife 3 - Phoenix 3 |
BOTTOM OF THE 6TH |
Phoenix Hotspur U-21 batting - Pitching for Yellowknife Dragonblood : LHP Earl Farley
|
Batting: LHB Jason DeGeorge
|
0-0: SINGLE (Groundball, 34D)
|
Batting: RHB Bill Erickson
|
0-0: Ball 1-0: Sac Bunt - play at first, batter OUT! 1-4 Jason DeGeorge to second
|
Batting: RHB Braylen Sampson
|
0-0: Called Strike 0-1: Fly out, F7 (Flyball, 78M)
|
Batting: RHB Jim Justice
|
0-0: Called Strike 0-1: Called Strike 0-2: Ball 1-2: Strikes out swinging
|
Bottom of the 6th over - 0 run(s), 1 hit(s), 0 error(s), 1 left on base; Yellowknife 3 - Phoenix 3 |
TOP OF THE 7TH |
Yellowknife Dragonblood batting - Pitching for Phoenix Hotspur U-21 : RHP Masahiro Sakei
|
Pinch Hitting: LHB Ashley Thachi
|
0-0: Fly out, F8 (Flyball, 8RM)
|
Pinch Hitting: RHB Alejandro Bracamonte
|
0-0: Called Strike 0-1: Called Strike 0-2: Ball 1-2: Foul Ball, location: 2F 1-2: Strikes out swinging
|
Batting: RHB Manuel Ramos
|
0-0: Called Strike 0-1: Ball 1-1: Foul Ball, location: 2F 1-2: Ball 2-2: Strikes out swinging
|
Top of the 7th over - 0 run(s), 0 hit(s), 0 error(s), 0 left on base; Yellowknife 3 - Phoenix 3 |
BOTTOM OF THE 7TH |
Phoenix Hotspur U-21 batting - Pitching for Yellowknife Dragonblood : LHP Earl Farley
|
Now at 1B: Chong-yee Au-Yong
|
|
Now at 3B: Ashley Thachi
|
|
Batting: RHB Bill Poole
|
0-0: Called Strike 0-1: Ball 1-1: Ball 2-1: SINGLE (Flyball, 9S) - OUT at second base trying to stretch hit.
|
Batting: RHB Solomon Norment
|
0-0: Foul Ball, location: 2F 0-1: Called Strike 0-2: Ball 1-2: Ground out 6-3 (Groundball, 56)
|
Pinch Hitting: RHB James Turner
|
0-0: Foul Ball, location: 2F 0-1: Ball 1-1: Ball 2-1: Ball 3-1: Base on Balls
|
Pitching: LHP Roberto Muñóz
|
|
Batting: LHB Wagaw Lukongolo
|
0-0: Ball James Turner is caught stealing 2nd base
|
Bottom of the 7th over - 0 run(s), 1 hit(s), 0 error(s), 0 left on base; Yellowknife 3 - Phoenix 3 |
TOP OF THE 8TH |
Yellowknife Dragonblood batting - Pitching for Phoenix Hotspur U-21 : RHP Masahiro Sakei
|
Now in RF: Jeremias Nabais
|
|
Batting: LHB Santiago Miranda
|
0-0: Ball 1-0: Swinging Strike 1-1: Called Strike 1-2: Ball 2-2: Foul Ball, location: 2F 2-2: Strikes out swinging
|
Batting: RHB Mareka Naidoo
|
0-0: Foul Ball, location: 2F 0-1: Ground out 6-3 (Groundball, 6S)
|
Pinch Hitting: SHB Peer van Lochem
|
0-0: Ball 1-0: Reached on error, E3 (Groundball, 34)
|
Pinch Runner at 1st Gonzalo Vásquez:
|
|
Batting: LHB Juan Macíel
|
0-0: SINGLE (Flyball, 7S) Gonzalo Vásquez to second
|
Batting: LHB Jayden Laming
|
0-0: Ball 1-0: Ball 2-0: Ball 3-0: Base on Balls Gonzalo Vásquez to third Juan Macíel to second
|
Pitching: RHP Leon von Stroheim
|
|
Batting: SHB Barney Heise
|
0-0: Ball 1-0: Fly out, F8 (Flyball, 8RS)
|
Top of the 8th over - 0 run(s), 1 hit(s), 1 error(s), 3 left on base; Yellowknife 3 - Phoenix 3 |
BOTTOM OF THE 8TH |
Phoenix Hotspur U-21 batting - Pitching for Yellowknife Dragonblood : LHP Roberto Muñóz
|
Now in CF: Gonzalo Vásquez
|
|
Pinch Hitting: RHB Ryan Pollock
|
0-0: Foul Ball, location: 2F 0-1: Ball 1-1: Called Strike 1-2: Strikes out swinging
|
Batting: RHB Greg Billingsley
|
0-0: Foul Ball, location: 2F 0-1: Fly out, F8 (Flyball, 78M)
|
Pinch Hitting: RHB Juan Negrete
|
0-0: Called Strike 0-1: Foul Ball, location: 2F 0-2: Ball 1-2: Strikes out swinging
|
Bottom of the 8th over - 0 run(s), 0 hit(s), 0 error(s), 0 left on base; Yellowknife 3 - Phoenix 3 |
TOP OF THE 9TH |
Yellowknife Dragonblood batting - Pitching for Phoenix Hotspur U-21 : RHP Leon von Stroheim
|
Pitching: LHP Neal Burns
|
|
Now in LF: Juan Negrete
|
|
Now in CF: Huey Wood
|
|
Pinch Hitting: RHB Fernando González
|
0-0: Ball 1-0: Swinging Strike 1-1: Ball 2-1: DOUBLE (Line Drive, 7D)
|
Batting: RHB Chong-yee Au-Yong
|
0-0: Intentional Walk
|
Batting: RHB Manuel Ramos
|
0-0: Ball 1-0: Called Strike 1-1: Ball 2-1: SINGLE (Line Drive, 4D) Fernando González to third Chong-yee Au-Yong to second
|
Pinch Hitting: RHB Manny García
|
0-0: Called Strike 0-1: Ball 1-1: Fly out, F9 (Flyball, 89D) Runner from 3rd tags up, OUT at HOME Chong-yee Au-Yong to third Manuel Ramos to second
|
Batting: RHB Mareka Naidoo
|
0-0: Intentional Walk
|
Pinch Hitting: RHB José García
|
0-0: Ball 1-0: Ball 2-0: Swinging Strike 2-1: Foul Ball, location: 2F 2-2: Foul Ball, location: 2F Balk! Chong-yee Au-Yong scores Manuel Ramos to third Mareka Naidoo to second 2-2: Ground out 1-3 (Groundball, P)
|
Top of the 9th over - 1 run(s), 2 hit(s), 0 error(s), 2 left on base; Yellowknife 4 - Phoenix 3 |
BOTTOM OF THE 9TH |
Phoenix Hotspur U-21 batting - Pitching for Yellowknife Dragonblood : LHP Roberto Muñóz
|
Pitching: RHP Pak Dong Hyeon
|
|
Now at C: Juan Carlos López
|
|
Now at SS: Víctor Murguia
|
|
Now in LF: Manny García
|
|
Now in CF: José García
|
|
Batting: RHB Bill Erickson
|
0-0: Foul Ball, location: 2F 0-1: Foul Ball, location: 2F 0-2: Ball 1-2: Foul Ball, location: 2F 1-2: Ground out U3 (Groundball, 3S)
|
Pinch Hitting: RHB Dale Everest
|
0-0: Ball 1-0: Ball 2-0: Ball 3-0: Called Strike 3-1: Foul Ball, location: 2F 3-2: Foul Ball, location: 2F 3-2: Ground out 6-3 (Groundball, 56)
|
Batting: RHB Jim Justice
|
0-0: Ball 1-0: Called Strike 1-1: Swinging Strike 1-2: Strikes out swinging
|
Bottom of the 9th over - 0 run(s), 0 hit(s), 0 error(s), 0 left on base; Yellowknife 4 - Phoenix 3 |
|